 Dungeon Crawl Stone Soup version 0.19-a0-1697-g0595f0e (webtiles) character file.

770 Amnesiac the Destroyer (level 7, -11/36 HPs)
             Began as a Deep Elf Wizard on Sept 26, 2016.
             Mangled by vev's ghost (18 damage)
             ... on level 5 of the Dungeon.
             The game lasted 00:08:43 (3305 turns).

Amnesiac the Destroyer (Deep Elf Wizard)            Turns: 3305, Time: 00:08:44

Health: -11/36     AC:  3    Str:  4    XL:     7   Next: 52%
Magic:  2/15       EV: 13    Int: 25    God:
Gold:   76         SH:  0    Dex: 13    Spells: 5 memorised, 4 levels left

rFire  . . .     SeeInvis .     m - +3 trident (protect) (curse)
rCold  . . .     Gourm    .     a - +0 robe
rNeg   . . .     Faith    .     (no shield)
rPois  .         Spirit   .     b - +0 hat
rElec  .         Dismiss  .     (no cloak)
rCorr  .         Reflect  .     (no gloves)
MR     .....     Harm     .     (no boots)
Stlth  +.........               (no amulet)
                                (no ring)
                                k - ring of loudness (curse)

@: very slightly contaminated
A: no striking features
a: no special abilities


You were on level 5 of the Dungeon.
You were not hungry.

You visited 1 branch of the dungeon, and saw 5 of its levels.

You collected 76 gold pieces.

Inventory:

Hand Weapons
 e - a +0 short sword
 m - a cursed +3 trident of protection (weapon)
 p - a +1 dagger of venom
Armour
 a - a +0 robe (worn)
 b - a +0 hat (worn)
 q - the +2 ring mail of Impressiveness {rPois Int+3, unknown}
   (You found it on level 4 of the Dungeon)

   It affects your intelligence (+3).
   It protects you from poison.
 s - a +0 buckler
Jewellery
 k - a cursed ring of loudness (left hand)
Scrolls
 h - a scroll of enchant armour {unknown}
 j - 2 scrolls of remove curse {unknown}
 l - a scroll of identify {unknown}
 r - 2 scrolls of amnesia
 u - a scroll of fog {unknown}
Potions
 g - 3 potions of heal wounds {unknown}
 o - a potion of agility {unknown}
Books
 c - a book of Minor Magic

   Spells                             Type                      Level
   a - Magic Dart                     Conjuration                  1
   b - Blink                          Translocation                2
   c - Call Imp                       Summoning                    2
   d - Repel Missiles                 Charms/Air                   2
   e - Slow                           Hexes                        2
   f - Conjure Flame                  Conjuration/Fire             3
   g - Mephitic Cloud                 Conjuration/Poison/Air       3
Comestibles
 d - 2 bread rations
 f - a beef jerky
 i - a royal jelly
 n - a meat ration
 t - 2 chunks of flesh


   Skills:
 - Level 2.4 Dodging
 - Level 2.4 Stealth
 - Level 4.5 Spellcasting
 + Level 9.2 Conjurations
   Level 1.1 Summonings
 - Level 1.1 Translocations


You had 4 spell levels left.
You knew the following spells:

 Your Spells              Type           Power        Failure   Level  Hunger
a - Repel Missiles        Chrm/Air       #.....       14%         2    None
b - Blink                 Tloc           N/A          10%         2    None
e - Mephitic Cloud        Conj/Pois/Air  ###.....     10%         3    ##.....
s - Conjure Flame         Conj/Fire      ####....     4%          3    ##.....
z - Magic Dart            Conj           ####         1%          1    None


Dungeon Overview and Level Annotations

Branches:
Dungeon (5/15)
 Temple: D:4-7

Altars:
Dithmenos
Fedhas
The Shining One

Shops:
D:4 [[

Annotations:
D:5 vev's ghost, novice MfCK


Message History

Vev's ghost is engulfed in roaring flames.
Vev's ghost hits you!!
Ouch! That really hurt!
* * * LOW HITPOINT WARNING * * *
Vev's ghost is engulfed in roaring flames.
Vev's ghost hits you.
* * * LOW HITPOINT WARNING * * *
You miss vev's ghost.
Vev's ghost is severely damaged.
Vev's ghost is engulfed in roaring flames.
Vev's ghost hits you.
* * * LOW HITPOINT WARNING * * *
Unknown command.
Okay, then.
You closely miss vev's ghost.
Vev's ghost is severely damaged.
Vev's ghost is engulfed in roaring flames.
Vev's ghost hits you!!
Ouch! That really hurt!
You die...

#._ ##.. #..P
####..P###
#........#
#........# #..#
##.########.#
#..§§§W@....# #
##.#######.....
. ###...# .## #
#>....# #
###...# # #..##
# .######..#
#### .........#
#.<. ########.#
#+## #.##


You could see vev's ghost.

Vanquished Creatures
  Sigmund (D:4)
  A hungry ghost (D:4)
  Edmund (D:5)
  A water moccasin skeleton (D:4)
  4 wights (D:3)
  An orc priest (D:3)
  A worker ant (D:5)
  3 adders
  An ooze (D:4)
  An adder skeleton (D:4)
  A leopard gecko (D:4)
  9 orcs
  2 giant cockroaches
  5 goblins
  A hobgoblin (D:3)
  11 jackals
  3 quokkas (D:3)
  A ball python (D:4)
  3 bats
  5 frilled lizards
  3 kobolds
  2 rats
61 creatures vanquished.

Notes
Turn   | Place    | Note
-------+----------+-------------------------------------------
     0 | D:1      | Amnesiac the Deep Elf Wizard began the quest for the Orb.
     0 | D:1      | Reached XP level 1. HP: 10/10 MP: 7/7
   271 | D:3      | Reached skill level 2 in Conjurations
   404 | D:4      | Reached XP level 2. HP: 15/15 MP: 6/9
   408 | D:4      | Learned a level 2 spell: Repel Missiles
   411 | D:4      | Learned a level 2 spell: Blink
   433 | D:4      | Found a glowing golden altar of the Shining One.
   517 | D:4      | Noticed a hungry ghost
   517 | D:4      | Noticed an ogre
   786 | D:3      | Reached skill level 3 in Conjurations
   919 | D:3      | Noticed a wight
   965 | D:3      | Reached XP level 3. HP: 19/19 MP: 8/11
  1075 | D:2      | Learned a level 3 spell: Mephitic Cloud
  1079 | D:2      | Learned a level 3 spell: Conjure Flame
  1489 | D:3      | Reached skill level 4 in Conjurations
  1489 | D:3      | Reached XP level 4. HP: 24/24 MP: 5/12
  1776 | D:3      | Found a shadowy altar of Dithmenos.
  1986 | D:3      | Reached skill level 5 in Conjurations
  2125 | D:3      | Reached XP level 5. HP: 28/28 MP: 8/13
  2235 | D:3      | Reached skill level 6 in Conjurations
  2512 | D:4      | Killed a hungry ghost
  2512 | D:4      | Reached skill level 7 in Conjurations
  2512 | D:4      | Reached XP level 6. HP: 32/32 MP: 1/14
  2623 | D:4      | Got a transparent ring mail
  2661 | D:4      | Noticed Sigmund
  2674 | D:4      | Killed Sigmund
  2674 | D:4      | Reached skill level 8 in Conjurations
  2674 | D:4      | Reached XP level 7. HP: 20/36 MP: 12/15
  2781 | D:4      | Found Tafoy's Antique Armour Emporium.
  3011 | D:4      | Found Vige's Armour Boutique.
  3058 | D:5      | Entered Level 5 of the Dungeon
  3058 | D:5      | Noticed Edmund
  3080 | D:5      | Killed Edmund
  3080 | D:5      | Reached skill level 9 in Conjurations
  3288 | D:5      | Found a blossoming altar of Fedhas.
  3290 | D:5      | Noticed vev's ghost (novice MfCK)
  3305 | D:5      | Mangled by vev's ghost

Vault maps used:
D:1:      dpeg_arrival_pits
D:2:      overflow_temple_1_default, serial_glass, glass_columns_b,
          glass_columns_c, feat_on_display
D:3:      grunt_dithmenos_smoke, first_bread
D:4:      old_standard_altar, serial_shops, shop, nicolae_shop_waterfront,
          uniq_sigmund
D:5:      grunt_temple_overflow_growth_and_decay, lemuel_blue_sif_altar,
          lemuel_round_altar, uniq_blork_the_orc, uniq_pikel, uniq_edmund

Skill      XL: |  1  2  3  4  5  6  7 |
---------------+----------------------+-----
Conjurations   | 2 3 4 5 7 8 9 |  9.2
Dodging        | |  2.4
Stealth        | |  2.4
Spellcasting   | |  4.5
Summonings     | |  1.1
Translocations | |  1.1

Action                   |  1- 3 |  4- 6 |  7- 9 || total
-------------------------+-------+-------+-------++-------
Melee: Unarmed           |     2 |    18 |       ||    20
       Trident           |       |    47 |    23 ||    70
 Cast: Magic Dart        |    75 |    61 |    32 ||   168
       Conjure Flame     |     3 |     9 |     7 ||    19
       Mephitic Cloud    |     2 |     2 |     2 ||     6
       Blink             |     2 |     1 |       ||     3
  Use: Scroll            |     1 |       |       ||     1
 Stab: Confused          |       |     3 |       ||     3
  Eat: Chunk             |     2 |     2 |     4 ||     8
Armor: Robe              |     7 |     3 |     9 ||    19
Dodge: Dodged            |    17 |     9 |    24 ||    50
